| TOP OF THE 1ST |
|
Brooklyn Cyclones batting - Pitching for Auburn Doubledays : RHP Manny Arguelles
|
|
Pitching: RHP Manny Arguelles
|
|
|
Batting: RHB Darwin Mills
|
0-0: Foul Ball, location: 2F 0-1: Swinging Strike 0-2: Foul Ball, location: 2F 0-2: Strikes out swinging, 2-3 out at first.
|
|
Batting: RHB Mike Mathews
|
0-0: Reached on error, E5 (Groundball, 5S, EV 83.8 MPH)
|
|
Batting: SHB Harrison Feist
|
0-0: Foul Ball, location: 2F 0-1: Called Strike 0-2: DOUBLE (Flyball, 8RXD, EV 112.5 MPH) Mike Mathews scores
|
|
Batting: RHB Matt Tittle
|
0-0: Ground out U3 (Groundball, 3, EV 78.8 MPH) Harrison Feist to third
|
|
Batting: RHB Mike Patterson
|
0-0: Ball 1-0: Called Strike 1-1: Ground out 5-3 (Groundball, 56S, EV 89.4 MPH)
|
| Top of the 1st over - 1 run, 1 hit, 1 error, 1 left on base; Brooklyn 1 - Auburn 0 |
| BOTTOM OF THE 1ST |
|
Auburn Doubledays batting - Pitching for Brooklyn Cyclones : RHP Adrian Colorado
|
|
Pitching: RHP Adrian Colorado
|
|
|
Batting: RHB John Savard
|
0-0: Foul Ball, location: 2F 0-1: Ball 1-1: Ball 2-1: Fly out, F8 (Flyball, 8LS, EV 92.5 MPH)
|
|
Batting: RHB Steve Bauman
|
0-0: Ball 1-0: Called Strike 1-1: SINGLE (Line Drive, 5D, EV 95.0 MPH)
|
|
Batting: SHB Gabe Fraunfelder
|
0-0: Ball 1-0: Foul Ball, location: 2F 1-1: Swinging Strike 1-2: Foul Ball, location: 2F 1-2: SINGLE (Groundball, 6MS, EV 82.5 MPH) (infield hit) Steve Bauman to second
|
|
Batting: RHB Nick Moreno
|
0-0: Ball 1-0: Ball 2-0: Ball 3-0: Base on Balls Steve Bauman to third Gabe Fraunfelder to second
|
|
Batting: RHB Gabe Almazan
|
0-0: Foul Ball, location: 2F 0-1: Ball 1-1: Foul Ball, location: 2F 1-2: Ball 2-2: Foul Ball, location: 2F 2-2: Ball 3-2: Base on Balls Steve Bauman scores Gabe Fraunfelder to third Nick Moreno to second
|
|
Pitching: RHP Danny Helm
|
|
|
Batting: RHB Antonio Morado
|
0-0: Called Strike 0-1: Ball 1-1: Hit by Pitch Gabe Fraunfelder scores Nick Moreno to third Gabe Almazan to second
|
|
Batting: SHB Curtis DeLille
|
0-0: Called Strike 0-1: Ball 1-1: Ball 2-1: Foul Ball, location: 2F 2-2: SINGLE (Line Drive, 8LS, EV 86.9 MPH) Nick Moreno scores Gabe Almazan to third Antonio Morado to second
|
|
Batting: RHB Marcus Dawson
|
0-0: Ball 1-0: Called Strike 1-1: Foul Ball, location: 2F 1-2: Ball 2-2: Ball 3-2: Base on Balls Gabe Almazan scores Antonio Morado to third Curtis DeLille to second
|
|
Batting: RHB Scott Skoglund
|
0-0: Swinging Strike 0-1: Called Strike 0-2: Strikes out swinging
|
|
Batting: RHB John Savard
|
0-0: Ball 1-0: Ball 2-0: Ball 3-0: Base on Balls Antonio Morado scores Curtis DeLille to third Marcus Dawson to second
|
|
Pitching: RHP Marvin Merino
|
|
|
Batting: RHB Steve Bauman
|
0-0: Swinging Strike 0-1: Foul Ball, location: 2F 0-2: Strikes out swinging
|
| Bottom of the 1st over - 5 runs, 3 hits, 0 errors, 3 left on base; Brooklyn 1 - Auburn 5 |
| TOP OF THE 2ND |
|
Brooklyn Cyclones batting - Pitching for Auburn Doubledays : RHP Manny Arguelles
|
|
Batting: LHB Ryan Stegall
|
0-0: Swinging Strike 0-1: Ball 1-1: Foul Ball, location: 2F 1-2: Ball 2-2: Strikes out looking
|
|
Batting: RHB Brad Brown
|
0-0: Ball 1-0: Called Strike 1-1: Swinging Strike 1-2: Foul Ball, location: 2F 1-2: Ball 2-2: Foul Ball, location: 2F 2-2: Ball 3-2: Strikes out swinging
|
|
Batting: RHB Barney Pederson
|
0-0: Called Strike 0-1: Ball 1-1: Called Strike 1-2: Strikes out swinging
|
| Top of the 2nd over - 0 runs, 0 hits, 0 errors, 0 left on base; Brooklyn 1 - Auburn 5 |
| BOTTOM OF THE 2ND |
|
Auburn Doubledays batting - Pitching for Brooklyn Cyclones : RHP Marvin Merino
|
|
Batting: SHB Gabe Fraunfelder
|
0-0: Foul Ball, location: 2F 0-1: Ball 1-1: DOUBLE (Line Drive, 9LS, EV 95.0 MPH)
|
|
Batting: RHB Nick Moreno
|
0-0: Ball 1-0: Ball 2-0: Ball 3-0: Called Strike 3-1: Swinging Strike 3-2: SINGLE (Groundball, 56D, EV 113.8 MPH) Gabe Fraunfelder to third
|
|
Batting: RHB Gabe Almazan
|
0-0: Ball 1-0: Ball 2-0: Ball 3-0: Foul Ball, location: 2F 3-1: Foul Ball, location: 2F 3-2: Strikes out swinging
|
|
Batting: RHB Antonio Morado
|
0-0: Ball Nick Moreno steals 2nd base 1-0: DOUBLE (Flyball, 8RD, EV 96.9 MPH) Gabe Fraunfelder scores Nick Moreno scores
|
|
Batting: SHB Curtis DeLille
|
0-0: Ball Antonio Morado steals 3rd base 1-0: Ball 2-0: Ball 3-0: Swinging Strike 3-1: Base on Balls
|
|
Batting: RHB Marcus Dawson
|
0-0: Called Strike 0-1: Swinging Strike 0-2: Ball 1-2: Strikes out swinging
|
|
Batting: RHB Scott Skoglund
|
0-0: Ball 1-0: Ball 2-0: Ball 3-0: Base on Balls Curtis DeLille to second
|
|
Batting: RHB John Savard
|
0-0: Ball 1-0: Foul Ball, location: 2F 1-1: Ball 2-1: Ball Wild Pitch! Antonio Morado scores Curtis DeLille to third Scott Skoglund to second 3-1: SINGLE (Groundball, 6D, EV 96.2 MPH) Curtis DeLille scores Scott Skoglund to third Runner from 3rd tries for Home, SAFE, throw by CF to home
|
|
Batting: RHB Steve Bauman
|
0-0: Foul Ball, location: 2F 0-1: DOUBLE (Line Drive, 7LM, EV 111.9 MPH) John Savard to third Runner from 3rd tries for Home, SAFE, throw by LF to home
|
|
Batting: SHB Gabe Fraunfelder
|
0-0: SINGLE (Groundball, 34D, EV 103.8 MPH) Steve Bauman to third Runner from 3rd tries for Home, SAFE, throw by RF to home
|
|
Batting: RHB Nick Moreno
|
0-0: Ground out 6-3 (Groundball, 6S, EV 83.1 MPH)
|
| Bottom of the 2nd over - 7 runs, 6 hits, 0 errors, 1 left on base; Brooklyn 1 - Auburn 12 |
| TOP OF THE 3RD |
|
Brooklyn Cyclones batting - Pitching for Auburn Doubledays : RHP Manny Arguelles
|
|
Batting: RHB Tyler Lybrand
|
0-0: Called Strike 0-1: Ball 1-1: Ball 2-1: Foul Ball, location: 2F 2-2: Ball 3-2: Strikes out looking
|
|
Batting: RHB Darwin Mills
|
0-0: Ball 1-0: Foul Ball, location: 2F 1-1: Called Strike 1-2: Strikes out swinging
|
|
Batting: RHB Mike Mathews
|
0-0: Ball 1-0: SINGLE (Groundball, 6D, EV 105.0 MPH)
|
|
Batting: SHB Harrison Feist
|
0-0: Fielders Choice at 2nd, U6 (Groundball, 4MD, EV 80.6 MPH)
|
| Top of the 3rd over - 0 runs, 1 hit, 0 errors, 1 left on base; Brooklyn 1 - Auburn 12 |
| BOTTOM OF THE 3RD |
|
Auburn Doubledays batting - Pitching for Brooklyn Cyclones : RHP Marvin Merino
|
|
Batting: RHB Gabe Almazan
|
0-0: Ball 1-0: Called Strike 1-1: Swinging Strike 1-2: Ball 2-2: Strikes out swinging
|
|
Batting: RHB Antonio Morado
|
0-0: SINGLE (Groundball, 4MD, EV 102.5 MPH) (infield hit)
|
|
Batting: SHB Curtis DeLille
|
0-0: Foul Ball, location: 2F 0-1: SINGLE (Groundball, P, EV 84.4 MPH) (infield hit) Antonio Morado to second
|
|
Batting: RHB Marcus Dawson
|
0-0: 3-RUN HOME RUN (Flyball, 9LD, EV 98.8 MPH), Distance : 353 ft
|
|
Batting: RHB Scott Skoglund
|
0-0: Ball 1-0: Ground out 5-3 (Groundball, 56, EV 83.8 MPH)
|
|
Batting: RHB John Savard
|
0-0: SINGLE (Line Drive, 6M, EV 94.4 MPH)
|
|
Batting: RHB Steve Bauman
|
0-0: Ball Wild Pitch! John Savard to second 1-0: Ball 2-0: Foul Ball, location: 2F 2-1: Foul Ball, location: 2F 2-2: Fly out, F8 (Flyball, 8LM, EV 90.6 MPH)
|
| Bottom of the 3rd over - 3 runs, 4 hits, 0 errors, 1 left on base; Brooklyn 1 - Auburn 15 |
| TOP OF THE 4TH |
|
Brooklyn Cyclones batting - Pitching for Auburn Doubledays : RHP Manny Arguelles
|
|
Batting: RHB Matt Tittle
|
0-0: Foul Ball, location: 2F 0-1: Called Strike 0-2: Ball 1-2: Foul Ball, location: 2F 1-2: Strikes out swinging
|
|
Batting: RHB Mike Patterson
|
0-0: Ball 1-0: Swinging Strike 1-1: Swinging Strike 1-2: Ball 2-2: Strikes out swinging
|
|
Batting: LHB Ryan Stegall
|
0-0: Ball 1-0: Called Strike 1-1: Ball 2-1: Swinging Strike 2-2: Ball 3-2: Strikes out swinging
|
| Top of the 4th over - 0 runs, 0 hits, 0 errors, 0 left on base; Brooklyn 1 - Auburn 15 |
| BOTTOM OF THE 4TH |
|
Auburn Doubledays batting - Pitching for Brooklyn Cyclones : RHP Marvin Merino
|
|
Batting: SHB Gabe Fraunfelder
|
0-0: Hit by Pitch
|
|
Batting: RHB Nick Moreno
|
0-0: Ball 1-0: Foul Ball, location: 2F 1-1: Ball 2-1: Called Strike 2-2: Foul Ball, location: 2F 2-2: Foul Ball, location: 2F 2-2: Ball 3-2: Base on Balls Gabe Fraunfelder to second
|
|
Batting: RHB Gabe Almazan
|
0-0: DOUBLE (Line Drive, 7LD, EV 107.5 MPH) Gabe Fraunfelder scores Nick Moreno to third
|
|
Batting: RHB Antonio Morado
|
0-0: SINGLE (Groundball, 5S, EV 67.5 MPH) (infield hit) Nick Moreno scores Gabe Almazan to third
|
|
Batting: SHB Curtis DeLille
|
0-0: Ball 1-0: Called Strike 1-1: Ball 2-1: Ball 3-1: Base on Balls Antonio Morado to second
|
|
Batting: RHB Marcus Dawson
|
0-0: SINGLE (Line Drive, 7LS, EV 106.2 MPH) Gabe Almazan scores Antonio Morado to third Curtis DeLille to second
|
|
Batting: RHB Scott Skoglund
|
0-0: Called Strike 0-1: Swinging Strike 0-2: Grounds into double play, 6-4-3 (Groundball, 6, EV 103.1 MPH) Antonio Morado scores Curtis DeLille to third
|
|
Batting: RHB John Savard
|
0-0: SINGLE (Groundball, 4MD, EV 97.5 MPH) Curtis DeLille scores
|
|
Batting: RHB Steve Bauman
|
0-0: SINGLE (Groundball, 4MD, EV 98.1 MPH) John Savard to second
|
|
Batting: SHB Gabe Fraunfelder
|
0-0: Foul Ball, location: 2F 0-1: 3-RUN HOME RUN (Flyball, 9D, EV 100.0 MPH), Distance : 396 ft
|
|
Batting: RHB Nick Moreno
|
0-0: SOLO HOME RUN (Flyball, 7LD, EV 93.8 MPH), Distance : 349 ft
|
|
Batting: RHB Gabe Almazan
|
0-0: Ball 1-0: Reached on error, E9 (Flyball, 9, EV 90.6 MPH)
|
|
Batting: RHB Antonio Morado
|
0-0: 2-RUN HOME RUN (Flyball, 7D, EV 103.1 MPH), Distance : 400 ft
|
|
Batting: SHB Curtis DeLille
|
0-0: Ball 1-0: Called Strike 1-1: Ball 2-1: Foul Ball, location: 2F 2-2: Ball 3-2: Base on Balls
|
|
Batting: RHB Marcus Dawson
|
0-0: Called Strike 0-1: Called Strike 0-2: Ball 1-2: Ball 2-2: Ball 3-2: Foul Ball, location: 2F 3-2: Foul Ball, location: 2F 3-2: Base on Balls Curtis DeLille to second
|
|
Batting: RHB Scott Skoglund
|
0-0: Foul Ball, location: 2F 0-1: Ball 1-1: SINGLE (Flyball, 78S, EV 98.1 MPH) Curtis DeLille to third Marcus Dawson to second
|
|
Batting: RHB John Savard
|
0-0: Called Strike 0-1: SINGLE (Line Drive, 56D, EV 95.6 MPH) Curtis DeLille scores Marcus Dawson to third Scott Skoglund to second Runner from 3rd tries for Home, throw by LF and OUT! 7-2
|
| Bottom of the 4th over - 12 runs, 10 hits, 1 error, 2 left on base; Brooklyn 1 - Auburn 27 |
| TOP OF THE 5TH |
|
Brooklyn Cyclones batting - Pitching for Auburn Doubledays : RHP Manny Arguelles
|
|
Batting: RHB Brad Brown
|
0-0: Swinging Strike 0-1: Foul Ball, location: 2F 0-2: Ball 1-2: Strikes out swinging
|
|
Batting: RHB Barney Pederson
|
0-0: Ground out 6-3 (Groundball, 6, EV 85.0 MPH)
|
|
Batting: RHB Tyler Lybrand
|
0-0: Ball 1-0: Called Strike 1-1: Swinging Strike 1-2: Ball 2-2: Foul Ball, location: 2F 2-2: Ball 3-2: Strikes out looking
|
| Top of the 5th over - 0 runs, 0 hits, 0 errors, 0 left on base; Brooklyn 1 - Auburn 27 |
| BOTTOM OF THE 5TH |
|
Auburn Doubledays batting - Pitching for Brooklyn Cyclones : RHP Marvin Merino
|
|
Batting: RHB Steve Bauman
|
0-0: SINGLE (Groundball, P, EV 88.8 MPH) (infield hit)
|
|
Batting: SHB Gabe Fraunfelder
|
0-0: Grounds out, U3 (Groundball, 3L, EV 99.4 MPH)
|
|
Batting: RHB Nick Moreno
|
0-0: Fly out, F9 (Line Drive, 9, EV 91.2 MPH)
|
|
Batting: RHB Gabe Almazan
|
0-0: Swinging Strike 0-1: Reached on error, E4 (Groundball, 4, EV 103.1 MPH) Steve Bauman scores
|
|
Batting: RHB Antonio Morado
|
0-0: Fly out, F7 (Flyball, 7D, EV 105.0 MPH)
|
| Bottom of the 5th over - 1 run, 1 hit, 1 error, 1 left on base; Brooklyn 1 - Auburn 28 |
| TOP OF THE 6TH |
|
Brooklyn Cyclones batting - Pitching for Auburn Doubledays : RHP Manny Arguelles
|
|
Batting: RHB Darwin Mills
|
0-0: Ball 1-0: Swinging Strike 1-1: Ball 2-1: Swinging Strike 2-2: Strikes out swinging, 2-3 out at first.
|
|
Batting: RHB Mike Mathews
|
0-0: Foul Ball, location: 2F 0-1: Called Strike 0-2: Foul Ball, location: 2F 0-2: Ball 1-2: Foul Ball, location: 2F 1-2: Strikes out looking
|
|
Batting: SHB Harrison Feist
|
0-0: Ball 1-0: Ball 2-0: Foul Ball, location: 2F 2-1: Ball 3-1: Base on Balls
|
|
Batting: RHB Matt Tittle
|
0-0: Called Strike 0-1: Ground out 4-3 (Groundball, 4, EV 90.0 MPH)
|
| Top of the 6th over - 0 runs, 0 hits, 0 errors, 1 left on base; Brooklyn 1 - Auburn 28 |
| BOTTOM OF THE 6TH |
|
Auburn Doubledays batting - Pitching for Brooklyn Cyclones : RHP Marvin Merino
|
|
Batting: SHB Curtis DeLille
|
0-0: Called Strike 0-1: Ball 1-1: Ball 2-1: Ball 3-1: SINGLE (Groundball, 34D, EV 105.6 MPH)
|
|
Batting: RHB Marcus Dawson
|
0-0: Fielders Choice at 2nd, 5-4 (Groundball, 56, EV 108.8 MPH)
|
|
Batting: RHB Scott Skoglund
|
0-0: Called Strike 0-1: Ball 1-1: Ball 2-1: Foul Ball, location: 2F 2-2: Ball 3-2: Base on Balls Marcus Dawson to second
|
|
Batting: RHB John Savard
|
0-0: Called Strike 0-1: SINGLE (Groundball, 6D, EV 100.0 MPH) Marcus Dawson to third Scott Skoglund to second Runner from 3rd tries for Home, SAFE, throw by CF to home
|
|
Batting: RHB Steve Bauman
|
0-0: Fly out, F9 (Line Drive, 9S, EV 92.5 MPH)
|
|
Batting: SHB Gabe Fraunfelder
|
0-0: Ball 1-0: Called Strike 1-1: Swinging Strike 1-2: Strikes out swinging
|
| Bottom of the 6th over - 1 run, 2 hits, 0 errors, 2 left on base; Brooklyn 1 - Auburn 29 |
| TOP OF THE 7TH |
|
Brooklyn Cyclones batting - Pitching for Auburn Doubledays : RHP Manny Arguelles
|
|
Pitching: RHP Chris Lawrence
|
|
|
Batting: RHB Mike Patterson
|
0-0: Called Strike 0-1: Swinging Strike 0-2: Ball 1-2: Strikes out swinging
|
|
Batting: LHB Ryan Stegall
|
0-0: Ball 1-0: Ball 2-0: Swinging Strike 2-1: Called Strike 2-2: Strikes out looking
|
|
Batting: RHB Brad Brown
|
0-0: Ball 1-0: Swinging Strike 1-1: Swinging Strike 1-2: Strikes out swinging
|
| Top of the 7th over - 0 runs, 0 hits, 0 errors, 0 left on base; Brooklyn 1 - Auburn 29 |
| BOTTOM OF THE 7TH |
|
Auburn Doubledays batting - Pitching for Brooklyn Cyclones : RHP Marvin Merino
|
|
Batting: RHB Nick Moreno
|
0-0: Ball 1-0: Called Strike 1-1: Ball 2-1: Ball 3-1: Swinging Strike 3-2: Foul Ball, location: 2F 3-2: Foul Ball, location: 2F 3-2: Base on Balls
|
|
Batting: RHB Gabe Almazan
|
0-0: Ball 1-0: Foul Ball, location: 2F 1-1: Swinging Strike Passed Ball! Nick Moreno to second 1-2: Ball 2-2: Ball 3-2: Foul Ball, location: 2F 3-2: Base on Balls
|
|
Batting: RHB Antonio Morado
|
0-0: Fly out, F8 (Flyball, 8LXD, EV 96.9 MPH) Runner from 2nd tags up, SAFE at 3rd, no throw by CF
|
|
Batting: SHB Curtis DeLille
|
0-0: Ball Wild Pitch! Nick Moreno scores Gabe Almazan to second 1-0: DOUBLE (Flyball, 78D, EV 96.9 MPH) Gabe Almazan scores
|
|
Batting: RHB Marcus Dawson
|
0-0: Foul Ball, location: 2F 0-1: SINGLE (Flyball, 7LS, EV 93.8 MPH) Curtis DeLille to third
|
|
Batting: RHB Scott Skoglund
|
0-0: DOUBLE (Line Drive, 8RXD, EV 105.0 MPH) Curtis DeLille scores Marcus Dawson to third Runner from 3rd tries for Home, SAFE, no throw by CF
|
|
Batting: RHB John Savard
|
0-0: Foul Ball, location: 2F 0-1: Ground out 1-3 (Groundball, 23, EV 71.2 MPH) Scott Skoglund to third
|
|
Batting: RHB Steve Bauman
|
0-0: Ball Passed Ball! Scott Skoglund scores 1-0: Ball 2-0: Called Strike 2-1: Foul Ball, location: 2F 2-2: Foul Ball, location: 2F 2-2: Ball 3-2: Foul Ball, location: 2F 3-2: Foul Ball, location: 2F 3-2: Foul Ball, location: 2F 3-2: Base on Balls
|
|
Batting: SHB Gabe Fraunfelder
|
0-0: Ground out U3 (Groundball, 34, EV 103.8 MPH)
|
| Bottom of the 7th over - 5 runs, 3 hits, 0 errors, 1 left on base; Brooklyn 1 - Auburn 34 |
| TOP OF THE 8TH |
|
Brooklyn Cyclones batting - Pitching for Auburn Doubledays : RHP Chris Lawrence
|
|
Batting: RHB Barney Pederson
|
0-0: Swinging Strike 0-1: Called Strike 0-2: Ball 1-2: Foul Ball, location: 2F 1-2: Strikes out swinging
|
|
Batting: RHB Tyler Lybrand
|
0-0: Swinging Strike 0-1: Ball 1-1: Swinging Strike 1-2: Strikes out looking
|
|
Batting: RHB Darwin Mills
|
0-0: Called Strike 0-1: Foul Ball, location: 2F 0-2: Strikes out swinging
|
| Top of the 8th over - 0 runs, 0 hits, 0 errors, 0 left on base; Brooklyn 1 - Auburn 34 |
| BOTTOM OF THE 8TH |
|
Auburn Doubledays batting - Pitching for Brooklyn Cyclones : RHP Marvin Merino
|
|
Batting: RHB Nick Moreno
|
0-0: Fly out, F7 (Flyball, 7D, EV 104.4 MPH)
|
|
Batting: RHB Gabe Almazan
|
0-0: Fly out, F9 (Flyball, 9, EV 86.2 MPH)
|
|
Batting: RHB Antonio Morado
|
0-0: Ground out 4-3 (Groundball, 4S, EV 90.6 MPH)
|
| Bottom of the 8th over - 0 runs, 0 hits, 0 errors, 0 left on base; Brooklyn 1 - Auburn 34 |
| TOP OF THE 9TH |
|
Brooklyn Cyclones batting - Pitching for Auburn Doubledays : RHP Chris Lawrence
|
|
Batting: RHB Mike Mathews
|
0-0: Called Strike 0-1: Ball 1-1: Called Strike 1-2: Strikes out swinging
|
|
Pitching: RHP Caleb Westbay
|
|
|
Batting: SHB Harrison Feist
|
0-0: Ball 1-0: Called Strike 1-1: Ball 2-1: Ball 3-1: Foul Ball, location: 2F 3-2: Fly out, F4 (Flyball, 34D, EV 93.1 MPH)
|
|
Batting: RHB Matt Tittle
|
0-0: Ball 1-0: Ground out 6-3 (Groundball, 6MD, EV 90.6 MPH)
|
| Top of the 9th over - 0 runs, 0 hits, 0 errors, 0 left on base; Brooklyn 1 - Auburn 34 |
|